 Dungeon Crawl Stone Soup version 0.31.0-12-g77e489cdc1 (webtiles) character file.

Game seed: 1417088972926195461

5182 hawla the Fighter (level 10, -3/91 HPs)
             Began as a Minotaur Fighter on Feb 18, 2024.
             Was an Initiate of Yredelemnul.
             Shot with an arrow by a centaur (8 damage)
             ... on level 9 of the Dungeon.
             The game lasted 00:18:33 (8155 turns).

hawla the Fighter (Minotaur Fighter)                Turns: 8155, Time: 00:18:34

Health: -3/91      AC: 19    Str: 21    XL:     10   Next: 34%
Magic:  15/15      EV: 11    Int:  5    God:    Yredelemnul [......]
Gold:   373        SH:  5    Dex: 14    Spells: 9/9 levels left

rFire   + . .        a - +2 long sword
rCold   . . .        c - +0 buckler
rNeg    . . .        k - +2 chain mail {rF+}
rPois   +            (helmet restricted)
rElec   .            C - scarf {rPois}
rCorr   .            D - +0 pair of gloves
SInv    .            K - +2 pair of boots
Will    .....        i - amulet of the acrobat Stlth
                     b - +4 ring of protection
HPRegen 0.35/turn    (no ring)
MPRegen 0.14/turn

%: acrobat
@: no status effects
A: horns 2, retaliatory headbutt
a: Renounce Religion, Recall Undead Harvest


You were on level 9 of the Dungeon.
You worshipped Yredelemnul.
Yredelemnul was aware of your devotion.
You visited 2 branches of the dungeon, and saw 10 of its levels.

You collected 499 gold pieces.
You spent 126 gold pieces at shops.

Inventory:

Hand Weapons
 a - a +2 long sword (weapon)
Missiles
 w - a curare-tipped dart (quivered)
 A - 15 poisoned darts
Armour
 c - a +0 buckler (worn)
 k - a +2 chain mail of fire resistance (worn)
 C - a scarf of poison resistance (worn)
 D - a +0 pair of gloves (worn)
 K - a +2 pair of boots (worn)
Jewellery
 b - a +4 ring of protection (left hand)
 i - an amulet of the acrobat (around neck)
Wands
 n - a wand of flame (54)
 E - a wand of iceblast (5)
 J - a wand of quicksilver (8)
Scrolls
 e - a scroll of blinking
 f - 4 scrolls of teleportation
 g - 5 scrolls of revelation
 j - 2 scrolls of fear {unknown}
 l - a scroll of poison
 o - a scroll of acquirement {unknown}
 q - 2 scrolls of identify
 u - a scroll of silence {unknown}
 y - 2 scrolls of noise {unknown}
 F - 3 scrolls of enchant armour {unknown}
 G - a scroll of immolation
Potions
 d - 2 potions of might
 h - 3 potions of attraction
 m - 3 potions of magic {unknown}
 p - 3 potions of resistance {unknown}
 r - 2 potions of enlightenment {unknown}
 s - 6 potions of brilliance {unknown}
 t - 3 potions of haste {unknown}
 v - a potion of cancellation {unknown}
 x - a potion of degeneration {unknown}
 z - 3 potions of curing {unknown}
 B - a potion of ambrosia {unknown}
 I - a potion of mutation {unknown}


   Skills:
 - Level 9.0 Fighting
 - Level 2.4 Long Blades
 - Level 6.0 Throwing
 - Level 3.6 Armour
 - Level 8.0 Dodging
 - Level 5.0 Shields
 + Level 8.3 Invocations
 - Level 4.0 Evocations


You had 9 spell levels left.
You didn't know any spells.
Your spell library was empty.

Dungeon Overview and Level Annotations

Branches:
Dungeon (9/15)             Temple (1/1) D:6
   Lair: D:8-11         Orc: D:9-12

Altars:
Ashenzari
Cheibriados
Dithmenos
Fedhas
Gozag
Hepliaklqana
Kikubaaqudgha
Makhleb
Nemelex Xobeh
Qazlal
Ru
Sif Muna
Uskayaw
Wu Jian
Xom
Yredelemnul
Zin

Shops:
D:3 [   D:7 *

Annotations:
D:4 dig the loot
D:5 2 runed translucent doors


Innate Abilities, Weirdness & Mutations

You have a pair of horns on your head.
You reflexively headbutt those who attack you in melee.


Message History

You block the warg's attack. The warg bites you but does no damage.
Your orc warrior zombie hits the warg.
The gnoll sergeant hits you from afar with a +0 spear.
You hit the warg but do no damage. Your headbutt misses the warg.
The warg is heavily wounded.
The warg bites you! The warg barely misses you. The warg completely misses you.
The warg bites you but does no damage.
Your orc warrior zombie hits the warg.
The gnoll sergeant hits you from afar with a +0 spear.
* * * LOW HITPOINT WARNING * * *
Unknown command.
You closely miss the warg. Your headbutt misses the warg.
The warg is severely wounded.
The warg bites you but does no damage. The warg bites you!
* * * LOW HITPOINT WARNING * * *
The warg bites you but does no damage.
The gnoll sergeant hits you from afar with a +0 spear.
* * * LOW HITPOINT WARNING * * *
The warg bites you but does no damage.
Your orc warrior zombie closely misses the warg.
The warg attacks as it pursues you! The warg completely misses you.
You furiously retaliate!
You headbutt the warg. The warg bites your orc warrior zombie!
Your orc warrior zombie barely misses the warg.
The warg barely misses you.
The warg bites your orc warrior zombie!!
Your orc warrior zombie is destroyed!
Blink to where?
Press: ? - help, Dir - move target A centaur comes into view.
Found 12 gold pieces.
As you read the scroll of blinking, it crumbles to dust.
The centaur shouts!
The centaur wields a +0 orcbow.
The centaur shoots an arrow.
The arrow hits you!
* * * LOW HITPOINT WARNING * * *
The air fills with toxic fumes!
As you read the scroll of poison, it crumbles to dust.
The centaur shoots an arrow.
The arrow hits you!
You die...
Your body rises from the dead as a mindless zombie.

#..............#
#§§§§§.........#
#§§§§#####.....#
###+###§§§§#
§§#.#####
§§§§§§§§§§§#§§§#.#
§§§§§§§§§§§§§§§#.##
§§§§§§§§§§§§§§c#..#
§§§§§§§§§§§§§§§#..#
§§§§§§§@§§§§§§§#..#
§§§§§§§§§§§§§§§#..#
§§§§§§§§§§§§§§§#..#
§§§§§§§§§§§§§§§#..#
§§§§§§§§§§§§§§##..#
§§§§§§§§§§h§h§§...#
§§§§§§§§§§.§.§§...#
§§§§§§§§§§§§g§§...#
.............#


You could see 2 wargs, a gnoll sergeant and a centaur.

Vanquished Creatures
  The ghost of spaghetti the Skirmisher, a novice NaHu of Yredelemnul (D:7)
  Joseph (D:8)
  A troll (D:9)
  A vampire (D:7)
  A yak (D:5)
  Edmund (D:5)
  An acid dragon (D:9)
  Duvessa (D:5)
  2 water moccasins (D:7)
  A sky beast (D:7)
  3 ice beasts
  2 orc warriors
  3 black bears (D:7)
  An ogre (D:2)
  3 centaurs
  2 kobold brigands
  A phantom (D:4)
  4 scorpions
  Dowan (D:5)
  5 killer bees
  An electric eel (D:6)
  5 hounds
  A bombardier beetle (D:5)
  6 orc priests
  A sleepcap (D:6)
  Ijyb (D:3)
  Natasha (twice) (D:3)
  An iguana (D:5)
  4 orc wizards
  Robin (D:3)
  12 gnolls
  9 adders
  2 shadow imps (D:5)
  3 white imps
  5 ufetubi
  3 dart slugs
  30 orcs
  7 bats
  8 endoplasms
  6 giant cockroaches
  8 hobgoblins
  4 jackals (D:4)
  46 kobolds
  5 quokkas
  11 ball pythons
  2 frilled lizards (D:1)
  18 goblins
  5 rats
243 creatures vanquished.

Vanquished Creatures (collateral kills)
  A steam dragon (D:8)
  A centaur (D:8)
  2 killer bees (D:8)
  A sleepcap (D:8)
5 creatures vanquished.

Vanquished Creatures (others)
  An orc wizard (D:8)
  3 killer bee zombies (D:8)
  3 orc zombies
7 creatures vanquished.

Grand Total: 255 creatures vanquished

Notes
Turn   | Place    | Note
-------+----------+-------------------------------------------
     0 | D:1      | hawla the Minotaur Fighter began the quest for the Orb.
     0 | D:1      | Reached XP level 1. HP: 19/19 MP: 0/0
   429 | D:1      | Reached XP level 2. HP: 26/26 MP: 1/1
   861 | D:2      | Noticed an ogre
   871 | D:2      | Killed an ogre
   872 | D:2      | Reached skill level 5 in Shields
   872 | D:2      | Reached XP level 3. HP: 15/31 MP: 2/2
   872 | D:2      | Reached XP level 4. HP: 19/39 MP: 3/3
  1187 | D:2      | Found a faded altar of an unknown god.
  1456 | D:3      | Reached XP level 5. HP: 45/45 MP: 4/4
  1883 | D:3      | Noticed Robin
  1891 | D:3      | Reached skill level 5 in Dodging
  1904 | D:3      | Killed Robin
  1993 | D:3      | Noticed Ijyb
  1999 | D:3      | Killed Ijyb
  2094 | D:3      | Found Zuqiu's Armour Shoppe.
  2106 | D:3      | Reached XP level 6. HP: 51/51 MP: 5/5
  2112 | D:3      | Noticed Natasha
  2121 | D:3      | Killed Natasha
  2270 | D:3      | Noticed Natasha
  2279 | D:3      | Killed Natasha
  3208 | D:5      | Entered Level 5 of the Dungeon
  3215 | D:5      | Reached XP level 7. HP: 52/57 MP: 6/6
  3246 | D:5      | Noticed Dowan
  3247 | D:5      | Noticed Duvessa
  3808 | D:5      | Noticed Edmund
  3827 | D:5      | Killed Edmund
  4001 | D:5      | Killed Duvessa
  4005 | D:5      | Killed Dowan
  4006 | D:5      | Reached skill level 4 in Fighting
  4006 | D:5      | Reached XP level 8. HP: 49/66 MP: 7/7
  4130 | D:5      | Found a large runed translucent door.
  4130 | D:5      | Found a large runed translucent door.
  4149 | D:5      | Found a large runed translucent door.
  4149 | D:5      | Found a large runed translucent door.
  4178 | D:5      | Reached skill level 5 in Fighting
  4185 | D:5      | Reached skill level 6 in Fighting
  4352 | D:5      | Reached skill level 7 in Fighting
  4462 | D:5      | Identified the +4 orcbow of Ascent {heavy, Fly rPois rF-
                  | Str-2 Stlth+}
  4520 | D:5      | Reached skill level 8 in Fighting
  4778 | D:6      | Found a shadowy altar of Dithmenos.
  4812 | D:6      | Found a sacrificial altar of Ru.
  4888 | D:6      | Found a staircase to the Ecumenical Temple.
  4907 | D:6      | Found an ornate altar of the Wu Jian Council.
  4916 | D:6      | Found a snail-covered altar of Cheibriados.
  4962 | D:6      | Reached skill level 9 in Fighting
  5078 | D:6      | Reached skill level 1 in Throwing
  5416 | D:6      | Reached XP level 9. HP: 70/82 MP: 8/8
  5518 | D:6      | Found an ancient bone altar of Kikubaaqudgha.
  5530 | D:6      | Found a hazy altar of Hepliaklqana.
  5837 | Temple   | Entered the Ecumenical Temple
  5985 | D:7      | Found Rontaott's Serpentskin Sales.
  5995 | D:7      | Reached skill level 5 in Throwing
  6009 | D:7      | Bought a scarf of poison resistance for 126 gold pieces
  6168 | D:7      | Found a sparkling altar of Nemelex Xobeh.
  6194 | D:7      | Found a basalt altar of Yredelemnul.
  6210 | D:7      | Became a worshipper of Yredelemnul the Dark
  6500 | D:7      | Reached skill level 1 in Invocations
  6633 | D:7      | Found a runed translucent door.
  6634 | D:7      | Noticed spaghetti's ghost (novice NaHu)
  6860 | D:7      | Killed spaghetti's ghost
  6861 | D:7      | Reached skill level 5 in Invocations
  6971 | D:8      | Reached * piety under Yredelemnul
  6975 | D:8      | Reached XP level 10. HP: 71/91 MP: 13/13
  7162 | D:8      | Reached ** piety under Yredelemnul
  7201 | D:8      | Noticed Joseph
  7219 | D:8      | Killed Joseph
  7413 | D:8      | Reached *** piety under Yredelemnul
  7546 | D:8      | Found a hide-covered altar of Uskayaw.
  7925 | D:9      | Found a glowing silver altar of Zin.
  8140 | D:9      | Found a blossoming altar of Fedhas.
  8154 | D:9      | HP: 4/91 [centaur/arrow (9)]
  8155 | D:9      | Shot with an arrow by a centaur

Illustrated notes

Levels and vault maps discovered:
D:1:      wander_arrival_desolate, layout_basic
D:2:      layout_rooms, chequers_ecumenical_altar_simple
D:3:      layout_loops_ring, serial_shops, nicolae_shop_tiny_waterfront,
          chequers_serial_rivers_marsh, minmay_misc_feat_alley, uniq_natasha,
          uniq_robin, uniq_ijyb
D:4:      layout_cave_pools, serial_glass, glass_columns_a, glass_columns_b,
          glass_columns_b, feat_on_display, due_unseen_surprise,
          minmay_strange_pillars, item_on_display_a, minmay_distorted
D:5:      layout_loops_ring, columned_hall_lemuel,
          minmay_hollow_rounded_squares, uniq_duvessa, uniq_edmund
D:6:      minmay_goblin_kobold_castle, layout_rooms,
          mainiacjoe_overflow_alcove_1, grunt_dithmenos_smoke_and_mirrors,
          mainiacjoe_overflow_concentric_impassable,
          mainiacjoe_overflow_surrounded_room, mainiacjoe_overflow_paths,
          mainiacjoe_overflow_boulevard, minmay_temple_entry_statues_fountains
D:7:      layout_loops_cross, yredelemnul_altar_generic, lemuel_tele_altar,
          ebering_ghost_inner_flame, minmay_misc_feat_diagonals,
          kennysheep_nondescript, minmay_door_square, guppyfry_shop_venom
D:8:      layout_rooms, general_overflow_altar, uniq_joseph
D:9:      lemuel_castle_with_subvaults [lemuel_castle_interior_carwin_3],
          layout_irregular_city, good_gods_temple_1, okawaru_altar_gauntlet_db,
          mainiacjoe_overflow_small_starburst, trog_hazing_becter, uniq_harold,
          uniq_erolcha
Temple:   hellmonk_temple_rainy

Skill      XL: |  1  2  3  4  5  6  7  8  9 10 |
---------------+-------------------------------+-----
Shields        | 4 5 |  5.0
Dodging        | 3 4 5 7 8 |  8.0
Evocations     | 4 |  4.0
Fighting       | 4 9 |  9.0
Throwing       | 2 6 |  6.0
Invocations    | 6 8 |  8.3
Long Blades    | |  2.4
Armour         | |  3.6

Action                     |  1- 3 |  4- 6 |  7- 9 | 10-12 || total
---------------------------+-------+-------+-------+-------++-------
  Melee: Long sword        |    39 |   196 |   347 |   104 ||   686
         Headbutt          |     6 |    35 |    68 |    33 ||   142
  Throw: Dart              |       |       |     1 |       ||     1
    Use: Scroll            |     3 |     5 |     2 |     2 ||    12
         Potion            |       |       |     1 |     3 ||     4
 Armour: Scale mail        |    25 |   148 |    62 |       ||   235
         Chain mail        |       |       |   252 |   133 ||   385
  Dodge: Dodged            |    16 |   120 |   260 |    97 ||   493
  Block: Buckler           |     8 |    55 |   126 |    32 ||   221
